 Dungeon Crawl Stone Soup version 0.22-a0-283-g1871b15 (webtiles) character file.

842 pkoi the Carver (level 7, 0/57 HPs)
             Began as a Minotaur Gladiator on Mar 19, 2018.
             Slain by an orc warrior
             ... wielding a +0 trident
              (4 damage)
             ... on level 6 of the Dungeon.
             The game lasted 00:05:07 (4029 turns).

pkoi the Carver (Minotaur Gladiator)                Turns: 4029, Time: 00:05:07

Health: 0/57       AC:  4    Str: 20    XL:     7   Next: 67%
Magic:  6/6        EV: 17    Int:  5    God:
Gold:   236        SH:  0    Dex: 12    Spells: 6/6 levels left

rFire    . . .     SeeInvis .   a - +1 long sword
rCold    . . .     Gourm    +   (no shield)
rNeg     . . .     Faith    .   b - +0 leather armour
rPois    .         Spirit   .   c - +1 hat
rElec    .         Reflect  .   (no cloak)
rCorr    .         Harm     .   (no gloves)
MR       +....                  (no boots)
Stlth    +.........             j - amulet of the gourmand
HPRegen  0.19/turn              n - +4 ring of evasion
MPRegen  0.10/turn              u - ring of protection from magic

@: no status effects
A: retaliatory headbutt, horns 2
a: no special abilities


You were on level 6 of the Dungeon.
You were very full.

You visited 1 branch of the dungeon, and saw 6 of its levels.

You collected 236 gold pieces.

Inventory:

Hand Weapons
 a - a +1 long sword (weapon)
Missiles
 d - 2 throwing nets (quivered)
Armour
 b - a +0 leather armour (worn)
 c - a +1 hat (worn)
Jewellery
 i - an uncursed amulet of rage
 j - an amulet of the gourmand (around neck)
 n - a +4 ring of evasion (left hand)
 u - a ring of protection from magic (right hand)
Wands
 r - a wand of flame (20)
Scrolls
 h - 5 scrolls of identify
 k - 2 scrolls of enchant armour
 l - a scroll of amnesia
 m - 5 scrolls of remove curse
 q - 2 scrolls of teleportation
Potions
 e - a potion of might
 g - 6 potions of haste
 o - a potion of berserk rage {unknown}
 p - a potion of brilliance {unknown}
 s - a potion of degeneration
 t - a potion of curing
Comestibles
 f - 10 rations


   Skills:
 + Level 3.2 Fighting
 + Level 10.3 Long Blades
 - Level 2.0 Throwing
 + Level 1.8 Armour
 + Level 3.8 Dodging


You had 6 spell levels left.
You didn't know any spells.

Dungeon Overview and Level Annotations

Branches:
Dungeon (6/15)
 Temple: D:4-7

Altars:
Fedhas
Gozag


Innate Abilities, Weirdness & Mutations

You reflexively headbutt those who attack you in melee.
You have a pair of horns on your head.


Message History

You hit the orc warrior but do no damage.
You headbutt the orc warrior, but do no damage.
The orc warrior is severely wounded.
The orc warrior hits you but does no damage.
You closely miss the orc warrior.
The orc warrior is severely wounded.
The orc warrior hits you with a trident!
* * * LOW HITPOINT WARNING * * *
You hit the orc warrior but do no damage.
Your headbutt misses the orc warrior.
The orc warrior is severely wounded.
The orc warrior closely misses you. You furiously retaliate!
You headbutt the orc warrior, but do no damage.
You riposte.
You closely miss the orc warrior.
You headbutt the orc warrior, but do no damage.
The orc warrior is severely wounded.
You barely miss the orc warrior. You headbutt the orc warrior.
The orc warrior is almost dead.
The orc warrior hits you with a trident.
You die...

########
#......#
#.####.#
#####...##.#
#........#.#
#.#####..#.#
#.)@o..#.#
#.##)#.#.#
#......#.#
####.###.#
#.# #.# #..
###


You could see an orc warrior.

Vanquished Creatures
  Edmund (D:4)
  Menkaure (D:4)
  3 ogres
  A howler monkey (D:4)
  An orc wizard (D:3)
  A centaur skeleton (D:4)
  An iguana (D:6)
  Jessica (D:3)
  Ijyb (D:3)
  2 worker ants (D:4)
  2 adders
  A shadow imp (D:5)
  3 dart slugs
  3 leopard geckos
  8 orcs
  A ball python (D:1)
  2 giant cockroaches
  16 goblins
  10 hobgoblins
  7 jackals (D:2)
  6 kobolds
  4 quokkas
  5 bats
  4 frilled lizards
  A quokka skeleton (D:4)
  8 rats
94 creatures vanquished.

Notes
Turn   | Place    | Note
-------+----------+-------------------------------------------
     0 | D:1      | pkoi the Minotaur Gladiator began the quest for the Orb.
     0 | D:1      | Reached XP level 1. HP: 18/18 MP: 0/0
    55 | D:1      | Reached skill level 4 in Long Blades
   110 | D:1      | Reached XP level 2. HP: 24/25 MP: 1/1
   367 | D:1      | Reached skill level 5 in Long Blades
   465 | D:1      | Reached XP level 3. HP: 30/30 MP: 2/2
  1216 | D:2      | Found a blossoming altar of Fedhas.
  1542 | D:3      | Noticed an ogre
  1546 | D:3      | Reached XP level 4. HP: 37/37 MP: 3/3
  1548 | D:3      | Reached skill level 6 in Long Blades
  1559 | D:2      | Killed an ogre
  1559 | D:2      | Reached skill level 7 in Long Blades
  1559 | D:2      | Reached XP level 5. HP: 42/42 MP: 4/4
  1828 | D:3      | Noticed Jessica
  1834 | D:3      | Killed Jessica
  1842 | D:3      | Noticed Ijyb
  1863 | D:3      | Killed Ijyb
  1867 | D:3      | Reached skill level 8 in Long Blades
  2423 | D:4      | Found an opulent altar of Gozag.
  2507 | D:4      | Reached XP level 6. HP: 42/50 MP: 5/5
  2575 | D:4      | Noticed Edmund
  2754 | D:4      | Killed Edmund
  2754 | D:4      | Reached skill level 9 in Long Blades
  2902 | D:4      | Noticed Menkaure
  3169 | D:4      | Killed Menkaure
  3169 | D:4      | Reached skill level 10 in Long Blades
  3169 | D:4      | Reached XP level 7. HP: 41/56 MP: 6/6
  3335 | D:5      | Entered Level 5 of the Dungeon
  3445 | D:5      | Reached skill level 1 in Armour
  4029 | D:6      | Slain by an orc warrior

Vault maps used:
D:1:      eino_arrival_water_star, minmay_misc_feat_pillars, minmay_pentomino_x2
D:2:      fedhas_altar_1
D:3:      first_ration, roderic_serpentine_path, minmay_ogre_servants,
          uniq_ijyb, uniq_jessica
D:4:      nicolae_gozag_cash_rules_everything_around_me, uniq_menkaure,
          uniq_edmund
D:5:      minmay_temple_entry_steel_oval, gup_ossuary_entry_pyramid,
          dk_rats_in_the_wall

Skill      XL: |  1  2  3  4  5  6  7 |
---------------+----------------------+-----
Long Blades    | 4 5 7 8 10 | 10.3
Armour         | 1 |  1.8
Fighting       | 3 |  3.2
Throwing       | |  2.0
Dodging        | |  3.8

Action                   |  1- 3 |  4- 6 |  7- 9 || total
-------------------------+-------+-------+-------++-------
Melee: Long sword        |    84 |    90 |    35 ||   209
       Headbutt          |    17 |    21 |     9 ||    47
Throw: Throwing net      |       |       |     2 ||     2
 Abil: Evoke Berserk Rag |       |     3 |       ||     3
  Use: Scroll            |     8 |     4 |       ||    12
       Potion            |     2 |     3 |       ||     5
  Eat: Chunk             |     2 |     6 |     8 ||    16
       Ration            |       |     1 |       ||     1
Armor: Leather armour    |    23 |     5 |     1 ||    29
Dodge: Dodged            |    61 |    68 |    30 ||   159
       Rpst.: Long sword |    20 |    11 |     4 ||    35

Table legend:
 A = Spawn XP
 B = Non-spawn XP
 C = Spawn XP percentage of total XP
 D = Spawn monster count
 E = Non-spawn monster count
 F = Spawn count percentage of total count
 G = Total turns spent on level
                    A         B        C        D         E        F      G
               +---------+---------+-------+---------+---------+-------+---------
         Total |       0 |    1203 |   0.0 |       0 |      94 |   0.0 |  4029
               +---------+---------+-------+---------+---------+-------+---------
           D:1 |       0 |      44 |   0.0 |       0 |      23 |   0.0 |   596
           D:2 |       0 |     146 |   0.0 |       0 |      17 |   0.0 |   853
           D:3 |       0 |     185 |   0.0 |       0 |      37 |   0.0 |  1352
           D:4 |       0 |     512 |   0.0 |       0 |       8 |   0.0 |   534
           D:5 |       0 |     139 |   0.0 |       0 |       5 |   0.0 |   156
           D:6 |       0 |     177 |   0.0 |       0 |       4 |   0.0 |   538
               +---------+---------+-------+---------+---------+-------+---------
